ACL
ACL NEW YORK (A) YANKEES @ ACL LOS ANGELES (N) DODGERS
05/13/2042
 
TOP OF THE 1ST
ACL New York (A) Yankees batting - Pitching for ACL Los Angeles (N) Dodgers : RHP Lúcio Costello
Pitching: RHP Lúcio Costello
Batting: RHB Ken Bell 0-0: Swinging Strike
0-1: Ball
1-1: Swinging Strike
1-2: Strikes out swinging
Batting: RHB Mike Lucas 0-0: DOUBLE (Groundball, 5L, EV 95.0 MPH)
Batting: SHB Juan Castillo 0-0: Ball
1-0: Ball
2-0: Foul Ball, location: 2F
2-1: Ball
3-1: Base on Balls
Batting: RHB Tim Holloway 0-0: Swinging Strike
0-1: Foul Ball, location: 9LDF
0-2: Strikes out looking
Batting: RHB Steve Murray 0-0: Ball
1-0: Foul Ball, location: 3FF
1-1: Foul Ball, location: 2F
1-2: Ball
2-2: Ball
3-2: Strikes out swinging
Top of the 1st over - 0 runs, 1 hit, 0 errors, 2 left on base; ACL New York (A) 0 - ACL Los Angeles (N) 0
BOTTOM OF THE 1ST
ACL Los Angeles (N) Dodgers batting - Pitching for ACL New York (A) Yankees : RHP Jim Unknown
Pitching: RHP Jim Unknown
Batting: RHB Alex Neal 0-0: Hit by Pitch
Batting: RHB José López 0-0: Ball
1-0: Bunt missed!
1-1: Ball
2-1: Bunt missed!
2-2: Foul Ball, location: 3F
2-2: Grounds into double play, 3-6-3 (Groundball, 3, EV 98.1 MPH)
Batting: LHB Jared Puddifoot 0-0: Ball
1-0: Ball
2-0: Ball
3-0: Base on Balls
Batting: LHB Robby Lucas 0-0: Called Strike
0-1: Ball
1-1: Ground out U3 (Groundball, 3L, EV 108.1 MPH)
Bottom of the 1st over - 0 runs, 0 hits, 0 errors, 1 left on base; ACL New York (A) 0 - ACL Los Angeles (N) 0
TOP OF THE 2ND
ACL New York (A) Yankees batting - Pitching for ACL Los Angeles (N) Dodgers : RHP Lúcio Costello
Batting: RHB António Griseno 0-0: Foul Ball, location: 2F
0-1: Called Strike
0-2: Ball
1-2: Foul Ball, location: 3SF
1-2: Foul Ball, location: 2F
1-2: Strikes out looking
Batting: RHB Jim Unknown 0-0: Ball
1-0: SOLO HOME RUN (Flyball, 9LD, EV 96.9 MPH), Distance : 346 ft
Batting: RHB Luis Barrón 0-0: Called Strike
0-1: Swinging Strike
0-2: Foul Ball, location: 3FF
0-2: Ball
1-2: Strikes out swinging, 2-3 out at first.
Batting: LHB Jim Unknown 0-0: Ball
1-0: SINGLE (Groundball, 6MD, EV 95.6 MPH)
Batting: RHB Ken Bell 0-0: Ball
1-0: Ball
2-0: Ball
3-0: Called Strike
3-1: Called Strike
3-2: Base on Balls
Jim Unknown to second
Batting: RHB Mike Lucas 0-0: Ball
1-0: Ball
2-0: Called Strike
2-1: Foul Ball, location: 9LMF
2-2: Foul Ball, location: 25FF
2-2: Strikes out swinging
Top of the 2nd over - 1 run, 2 hits, 0 errors, 2 left on base; ACL New York (A) 1 - ACL Los Angeles (N) 0
BOTTOM OF THE 2ND
ACL Los Angeles (N) Dodgers batting - Pitching for ACL New York (A) Yankees : RHP Jim Unknown
Batting: LHB Ed Reed 0-0: Ball
1-0: Ball
2-0: Foul Ball, location: 7LMFF
2-1: Foul Ball, location: 5F
2-2: Ball
3-2: Strikes out looking
Batting: RHB Nacho Noriega 0-0: Foul Ball, location: 7LMF
0-1: Called Strike
0-2: SINGLE (Line Drive, 7S, EV 107.5 MPH)
Batting: RHB Artie Paige 0-0: Ball
1-0: Fly out, F7 (Line Drive, 7S, EV 85.6 MPH)
Batting: RHB Stan Noble 0-0: Foul Ball, location: 3F
0-1: Foul Ball, location: 2F
0-2: Ball
1-2: Ball
2-2: Foul Ball, location: 3FF
2-2: Foul Ball, location: 9LDF
2-2: Foul Ball, location: 5DF
2-2: Ball
3-2: Foul Ball, location: 9LSF
3-2: DOUBLE (Line Drive, 89D, EV 98.8 MPH)
Nacho Noriega to third
Nacho Noriega scores
Batting: RHB Bobby Bowman 0-0: Fly out, F9 (Flyball, 9LM, EV 90.6 MPH)
Bottom of the 2nd over - 1 run, 2 hits, 0 errors, 1 left on base; ACL New York (A) 1 - ACL Los Angeles (N) 1
TOP OF THE 3RD
ACL New York (A) Yankees batting - Pitching for ACL Los Angeles (N) Dodgers : RHP Lúcio Costello
Batting: SHB Juan Castillo 0-0: Ball
1-0: Foul Ball, location: 23F
1-1: Ball
2-1: Called Strike
2-2: Fly out, F7 (Flyball, 78M, EV 90.6 MPH)
Batting: RHB Tim Holloway 0-0: Swinging Strike
0-1: Ball
1-1: Ball
2-1: Ball
3-1: Base on Balls
Batting: RHB Steve Murray 0-0: Called Strike
0-1: Ball
1-1: Swinging Strike
1-2: Strikes out swinging
Batting: RHB António Griseno 0-0: Foul Ball, location: 23F
0-1: 2-RUN HOME RUN (Flyball, 7D, EV 95.0 MPH), Distance : 366 ft
Batting: RHB Jim Unknown 0-0: Called Strike
0-1: Ball
1-1: Foul Ball, location: 2F
1-2: Ball
2-2: Foul Ball, location: 3F
2-2: Ball
3-2: Ground out 3-1 (Groundball, 34, EV 88.1 MPH)
Top of the 3rd over - 2 runs, 1 hit, 0 errors, 0 left on base; ACL New York (A) 3 - ACL Los Angeles (N) 1
BOTTOM OF THE 3RD
ACL Los Angeles (N) Dodgers batting - Pitching for ACL New York (A) Yankees : RHP Jim Unknown
Batting: RHB Alex Neal 0-0: Swinging Strike
0-1: Foul Ball, location: 2F
0-2: Strikes out swinging
Batting: RHB José López 0-0: Foul Ball, location: 23F
0-1: Foul Ball, location: 5SF
0-2: Foul Ball, location: 2F
0-2: Foul Ball, location: 3DF
0-2: Strikes out swinging passed ball, reaches first!
Batting: LHB Jared Puddifoot 0-0: Ball
1-0: Ball
2-0: Called Strike
2-1: Foul Ball, location: 7LDF
2-2: Strikes out swinging
Batting: LHB Robby Lucas 0-0: Ball
1-0: Ball
2-0: Ball
3-0: Base on Balls
José López to second
Batting: LHB Ed Reed 0-0: Swinging Strike
0-1: Ball
1-1: Foul Ball, location: 7LMF
1-2: Foul Ball, location: 25FF
1-2: Foul Ball, location: 25F
1-2: Strikes out swinging
Bottom of the 3rd over - 0 runs, 0 hits, 0 errors, 2 left on base; ACL New York (A) 3 - ACL Los Angeles (N) 1
TOP OF THE 4TH
ACL New York (A) Yankees batting - Pitching for ACL Los Angeles (N) Dodgers : RHP Lúcio Costello
Batting: RHB Luis Barrón 0-0: Called Strike
0-1: Ball
1-1: Called Strike
1-2: Foul Ball, location: 3SF
1-2: Ball
2-2: Ground out 4-3 (Groundball, 4, EV 90.6 MPH)
Batting: LHB Jim Unknown 0-0: Foul Ball, location: 2F
0-1: Swinging Strike
0-2: Ball
1-2: Ball
2-2: Ball
3-2: Foul Ball, location: 9LDF
3-2: Foul Ball, location: 2F
3-2: Base on Balls
Pitching: RHP Ron Smith
Batting: RHB Ken Bell 0-0: Ball
1-0: Ball
2-0: Ball
3-0: Called Strike
3-1: Called Strike
3-2: Base on Balls
Jim Unknown to second
Batting: RHB Mike Lucas 0-0: Ball
1-0: Ball
2-0: Called Strike
2-1: Swinging Strike
2-2: Strikes out swinging
Batting: SHB Juan Castillo 0-0: Ball
1-0: Called Strike
1-1: Ball
2-1: Foul Ball, location: 3FF
2-2: 3-RUN HOME RUN (Flyball, 9D, EV 95.0 MPH), Distance : 357 ft
Batting: RHB Tim Holloway 0-0: Foul Ball, location: 9LSF
0-1: Called Strike
0-2: Ball
1-2: Strikes out swinging
Top of the 4th over - 3 runs, 1 hit, 0 errors, 0 left on base; ACL New York (A) 6 - ACL Los Angeles (N) 1
BOTTOM OF THE 4TH
ACL Los Angeles (N) Dodgers batting - Pitching for ACL New York (A) Yankees : RHP Jim Unknown
Batting: RHB Nacho Noriega 0-0: Swinging Strike
0-1: Swinging Strike
0-2: Ball
1-2: Strikes out looking
Batting: RHB Artie Paige 0-0: Called Strike
0-1: Swinging Strike
0-2: Ball
1-2: Strikes out swinging
Batting: RHB Stan Noble 0-0: Foul Ball, location: 25F
0-1: Ball
1-1: Ball
2-1: Called Strike
2-2: Strikes out looking
Bottom of the 4th over - 0 runs, 0 hits, 0 errors, 0 left on base; ACL New York (A) 6 - ACL Los Angeles (N) 1
TOP OF THE 5TH
ACL New York (A) Yankees batting - Pitching for ACL Los Angeles (N) Dodgers : RHP Ron Smith
Batting: RHB Steve Murray 0-0: Ball
1-0: Called Strike
1-1: Ball
2-1: Foul Ball, location: 9LSF
2-2: Foul Ball, location: 2F
2-2: Ball
3-2: DOUBLE (Line Drive, 8LXD, EV 101.9 MPH)
Batting: RHB António Griseno 0-0: Ball
1-0: Swinging Strike
1-1: Ball
2-1: Ground out 6-3 (Groundball, 6, EV 84.4 MPH)
Batting: RHB Jim Unknown 0-0: Called Strike
0-1: Called Strike
0-2: Strikes out swinging
Batting: RHB Luis Barrón 0-0: Foul Ball, location: 9LMF
0-1: Ball
1-1: Ball
2-1: Swinging Strike
2-2: Strikes out looking
Top of the 5th over - 0 runs, 1 hit, 0 errors, 1 left on base; ACL New York (A) 6 - ACL Los Angeles (N) 1
BOTTOM OF THE 5TH
ACL Los Angeles (N) Dodgers batting - Pitching for ACL New York (A) Yankees : RHP Jim Unknown
Batting: RHB Bobby Bowman 0-0: Foul Ball, location: 2F
0-1: Foul Ball, location: 2F
0-2: Ball
1-2: Strikes out swinging
Batting: RHB Alex Neal 0-0: Foul Ball, location: 25FF
0-1: Foul Ball, location: 2F
0-2: Ball
1-2: Foul Ball, location: 9LDF
1-2: Ball
2-2: Ball
3-2: Foul Ball, location: 3F
3-2: Base on Balls
Batting: RHB José López 0-0: Ball
1-0: Ball
Alex Neal steals 2nd base
2-0: Swinging Strike
2-1: Foul Ball, location: 2F
2-2: Ball
3-2: Foul Ball, location: 9LDF
3-2: Base on Balls
Batting: LHB Jared Puddifoot 0-0: Ball
1-0: Ball
2-0: Foul Ball, location: 3F
2-1: Foul Ball, location: 2F
2-2: Fly out, F7 (Flyball, 7LMF, EV 100.0 MPH)
Batting: LHB Robby Lucas 0-0: Ball
1-0: Ball
2-0: Foul Ball, location: 3FF
2-1: Called Strike
2-2: Ball
3-2: Base on Balls
Alex Neal to third
José López to second
Batting: LHB Ed Reed 0-0: Ball
1-0: Ball
2-0: Called Strike
2-1: Called Strike
2-2: Fly out, F9 (Flyball, 9D, EV 80.0 MPH)
Bottom of the 5th over - 0 runs, 0 hits, 0 errors, 3 left on base; ACL New York (A) 6 - ACL Los Angeles (N) 1
TOP OF THE 6TH
ACL New York (A) Yankees batting - Pitching for ACL Los Angeles (N) Dodgers : RHP Ron Smith
Batting: LHB Jim Unknown 0-0: Ball
1-0: Foul Ball, location: 2F
1-1: Foul Ball, location: 5SF
1-2: Strikes out looking
Batting: RHB Ken Bell 0-0: Called Strike
0-1: Ball
1-1: Ball
2-1: Foul Ball, location: 5F
2-2: Ball
3-2: DOUBLE (Flyball, 8RXD, EV 95.0 MPH)
Batting: RHB Mike Lucas 0-0: Ball
1-0: Ball
2-0: Ball
3-0: Called Strike
3-1: Fly out, F9 (Flyball, 89D, EV 95.0 MPH)
Runner from 2nd tags up, SAFE at 3rd, no throw by RF
Batting: SHB Juan Castillo 0-0: Ball
1-0: Foul Ball, location: 2F
1-1: 2-RUN HOME RUN (Flyball, 9D, EV 100.6 MPH), Distance : 375 ft
Batting: RHB Tim Holloway 0-0: Ball
1-0: Ball
2-0: Ball
3-0: Called Strike
3-1: Base on Balls
Batting: RHB Steve Murray 0-0: Ball
1-0: Ball
2-0: Fly out, F9 (Flyball, 9LM, EV 79.4 MPH)
Top of the 6th over - 2 runs, 2 hits, 0 errors, 1 left on base; ACL New York (A) 8 - ACL Los Angeles (N) 1
BOTTOM OF THE 6TH
ACL Los Angeles (N) Dodgers batting - Pitching for ACL New York (A) Yankees : RHP Jim Unknown
Pitching: RHP Jim Unknown
Batting: RHB Nacho Noriega 0-0: Called Strike
0-1: SINGLE (Line Drive, 34, EV 93.8 MPH)
Batting: RHB Artie Paige 0-0: 2-RUN HOME RUN (Line Drive, 7LD, EV 96.9 MPH), Distance : 357 ft
Batting: RHB Stan Noble 0-0: Ball
1-0: Ball
2-0: SINGLE (Line Drive, 34D, EV 108.1 MPH)
Batting: RHB Bobby Bowman 0-0: Foul Ball, location: 2F
0-1: Hit by Pitch
Stan Noble to second
Batting: RHB Alex Neal 0-0: Ball
1-0: Foul Ball, location: 3FF
1-1: Ball
2-1: Fly out, F7 (Flyball, 7LSF, EV 96.3 MPH)
Pinch Hitting: LHB Juan Fernández 0-0: Called Strike
0-1: SINGLE (Groundball, 56D, EV 96.3 MPH)
Stan Noble to third
Bobby Bowman to second
Runner from 3rd tries for Home, throw by LF and OUT! 7-2
Bobby Bowman to third
Juan Fernández to second
Batting: LHB Jared Puddifoot 0-0: SINGLE (Line Drive, 34D, EV 102.5 MPH)
Bobby Bowman scores
Juan Fernández to third
Pitching: RHP Jim Unknown
Batting: LHB Robby Lucas 0-0: Called Strike
0-1: Called Strike
0-2: Strikes out looking
Bottom of the 6th over - 3 runs, 5 hits, 0 errors, 2 left on base; ACL New York (A) 8 - ACL Los Angeles (N) 4
TOP OF THE 7TH
ACL New York (A) Yankees batting - Pitching for ACL Los Angeles (N) Dodgers : RHP Ron Smith
Pitching: RHP Bob O'Mackey
Now in CF: Timo van de Voorst
Batting: RHB António Griseno 0-0: Ball
1-0: Called Strike
1-1: Swinging Strike
1-2: Ball
2-2: Ball
3-2: Foul Ball, location: 2F
3-2: Base on Balls
Batting: RHB Jim Unknown 0-0: Sac Bunt to 2L - play at first, batter OUT! 2-3
António Griseno to second
Batting: RHB Luis Barrón 0-0: Ball
1-0: Ball
2-0: Ball
3-0: Base on Balls
Batting: LHB Jim Unknown 0-0: Ball
1-0: Ball
2-0: Ball
3-0: Base on Balls
António Griseno to third
Luis Barrón to second
Batting: RHB Ken Bell 0-0: Called Strike
0-1: Foul Ball, location: 2F
0-2: Ball
1-2: Ball
2-2: Ball
3-2: Foul Ball, location: 2F
3-2: GRAND SLAM HOME RUN (Line Drive, 7LD, EV 94.4 MPH), Distance : 339 ft
Pitching: RHP Mike Bing
Pinch Hitting: RHB Liam Hendrickson 0-0: Foul Ball, location: 2F
0-1: Fly out, F7 (Flyball, 7, EV 88.8 MPH)
Batting: SHB Juan Castillo 0-0: Ball
1-0: Foul Ball, location: 2F
1-1: Swinging Strike
1-2: Ball
2-2: Foul Ball, location: 3SF
2-2: Ball
3-2: Foul Ball, location: 3DF
3-2: Base on Balls
Batting: RHB Tim Holloway 0-0: DOUBLE (Flyball, 8LXD, EV 101.9 MPH)
Juan Castillo to third
Batting: RHB Steve Murray 0-0: Ball
1-0: Ball
2-0: Ball
3-0: Called Strike
3-1: Foul Ball, location: 2F
3-2: Base on Balls
Batting: RHB António Griseno 0-0: Called Strike
0-1: Swinging Strike
0-2: TRIPLE (Line Drive, 78XD, EV 102.5 MPH)
Juan Castillo scores
Tim Holloway scores
Steve Murray scores
Batting: RHB Jim Unknown 0-0: Foul Ball, location: 2F
0-1: Swinging Strike
0-2: Strikes out swinging
Top of the 7th over - 7 runs, 3 hits, 0 errors, 1 left on base; ACL New York (A) 15 - ACL Los Angeles (N) 4
BOTTOM OF THE 7TH
ACL Los Angeles (N) Dodgers batting - Pitching for ACL New York (A) Yankees : RHP Jim Unknown
Now at 2B: Steve Murray
Now at SS: Liam Hendrickson
Batting: LHB Ed Reed 0-0: Ball
1-0: Ball
2-0: Called Strike
2-1: Foul Ball, location: 23F
2-2: Strikes out swinging
Batting: RHB Nacho Noriega 0-0: Ball
1-0: Foul Ball, location: 9LDF
1-1: Ground out 6-3 (Groundball, 6, EV 90.0 MPH)
Batting: RHB Artie Paige 0-0: Called Strike
0-1: Ground out 5-3 (Groundball, 5S, EV 85.6 MPH)
Bottom of the 7th over - 0 runs, 0 hits, 0 errors, 0 left on base; ACL New York (A) 15 - ACL Los Angeles (N) 4
TOP OF THE 8TH
ACL New York (A) Yankees batting - Pitching for ACL Los Angeles (N) Dodgers : RHP Mike Bing
Batting: RHB Luis Barrón 0-0: Ball
1-0: Ground out 4-3 (Groundball, 4, EV 79.4 MPH)
Batting: LHB Jim Unknown 0-0: Called Strike
0-1: Ball
1-1: Fly out, F7 (Flyball, 78M, EV 84.4 MPH)
Batting: RHB Ken Bell 0-0: Swinging Strike
0-1: Ball
1-1: Ball
2-1: Ball
3-1: Foul Ball, location: 2F
3-2: Base on Balls
Batting: RHB Liam Hendrickson 0-0: SINGLE (Groundball, 4MD, EV 100.6 MPH)
Ken Bell to second
Batting: SHB Juan Castillo 0-0: Swinging Strike
0-1: Foul Ball, location: 2F
0-2: Strikes out swinging
Top of the 8th over - 0 runs, 1 hit, 0 errors, 2 left on base; ACL New York (A) 15 - ACL Los Angeles (N) 4
BOTTOM OF THE 8TH
ACL Los Angeles (N) Dodgers batting - Pitching for ACL New York (A) Yankees : RHP Jim Unknown
Batting: RHB Stan Noble 0-0: Ball
1-0: Ball
2-0: SINGLE (Groundball, 4MD, EV 98.1 MPH) (infield hit)
Batting: RHB Bobby Bowman 0-0: Swinging Strike
0-1: Ball
1-1: Ball
2-1: Foul Ball, location: 9LMF
2-2: Strikes out swinging
Batting: RHB Alex Neal 0-0: Ball
1-0: DOUBLE (Line Drive, 89M, EV 93.8 MPH)
Stan Noble to third
Batting: RHB Timo van de Voorst 0-0: Hit by Pitch
Batting: LHB Jared Puddifoot 0-0: Ball
1-0: Grounds into fielders choice 5-2 (Groundball, 56, EV 100.6 MPH)
Alex Neal to third
Timo van de Voorst to second
Batting: LHB Robby Lucas 0-0: Called Strike
0-1: Ball
1-1: Ground out 6-3 (Groundball, 6D, EV 98.8 MPH)
Bottom of the 8th over - 0 runs, 2 hits, 0 errors, 3 left on base; ACL New York (A) 15 - ACL Los Angeles (N) 4
TOP OF THE 9TH
ACL New York (A) Yankees batting - Pitching for ACL Los Angeles (N) Dodgers : RHP Mike Bing
Pinch Hitting: RHB Iván Guzmán 0-0: SOLO HOME RUN (Flyball, 78XD, EV 100.0 MPH), Distance : 417 ft
Pinch Hitting: RHB Juan Betancourt 0-0: Foul Ball, location: 25F
0-1: Ball
1-1: Ball
2-1: Fly out, F7 (Flyball, 78D, EV 82.5 MPH)
Pitching: LHP César Montaño
Batting: RHB António Griseno 0-0: Ball
1-0: Ball
2-0: Ball
3-0: Swinging Strike
3-1: Base on Balls
Batting: RHB Jim Unknown 0-0: Called Strike
0-1: Ball
1-1: Fly out, F4 (Popup, 4, EV 74.4 MPH)
Batting: RHB Luis Barrón 0-0: Ball
1-0: Ball
2-0: Fly out, F4 (Popup, 4MD, EV 54.4 MPH)
Top of the 9th over - 1 run, 1 hit, 0 errors, 1 left on base; ACL New York (A) 16 - ACL Los Angeles (N) 4
BOTTOM OF THE 9TH
ACL Los Angeles (N) Dodgers batting - Pitching for ACL New York (A) Yankees : RHP Jim Unknown
Now at 2B: Juan Betancourt
Now in LF: António Griseno
Now in RF: Joe von Hof
Pinch Hitting: RHB T.J. Grimes 0-0: Swinging Strike
0-1: Swinging Strike
0-2: Ball
1-2: Ball
2-2: SOLO HOME RUN (Flyball, 7D, EV 93.8 MPH), Distance : 362 ft
Batting: RHB Nacho Noriega 0-0: Ball
1-0: Swinging Strike
1-1: Ball
2-1: Foul Ball, location: 23F
2-2: Ball
3-2: Foul Ball, location: 2F
3-2: Base on Balls
Batting: RHB Artie Paige 0-0: Ball
Balk!
Nacho Noriega to second
1-0: Ball
2-0: SINGLE (Flyball, 8LS, EV 87.5 MPH)
Nacho Noriega to third
Batting: RHB Stan Noble 0-0: Ball
1-0: Ball
2-0: Swinging Strike
2-1: Ball
3-1: Swinging Strike
3-2: Base on Balls
Artie Paige to second
Pitching: RHP Jim Unknown
Pinch Hitting: RHB Chad King 0-0: Foul Ball, location: 5FF
0-1: Ball
1-1: Foul Ball, location: 7LDF
1-2: DOUBLE (Line Drive, 78D, EV 96.9 MPH)
Nacho Noriega scores
Artie Paige scores
Stan Noble to third
Pinch Hitting: RHB Sean Thomas 0-0: Swinging Strike
0-1: Ball
1-1: Called Strike
1-2: Foul Ball, location: 2F
1-2: Strikes out looking
Batting: RHB Timo van de Voorst 0-0: Ground out 4-3 (Groundball, 4S, EV 80.6 MPH)
Batting: LHB Jared Puddifoot 0-0: Ground out 4-3 (Groundball, 4S, EV 79.4 MPH)
Bottom of the 9th over - 3 runs, 3 hits, 0 errors, 2 left on base; ACL New York (A) 16 - ACL Los Angeles (N) 7
Monday, April 29th , 2024 - OOTP Baseball 24.10 Build 82